 Dungeon Crawl Stone Soup version 0.26-a0-42-g4f27934 (webtiles) character file.

Game seed: 263572370152231091

122 Gazorpazorpfield the Conjurer (level 4, -3/24 HPs)
             Began as a Deep Elf Conjurer on June 2, 2020.
             Killed by divine providence
             ... invoked by an orc priest
              (14 damage)
             ... on level 3 of the Dungeon.
             The game lasted 00:08:00 (3057 turns).

Gazorpazorpfield the Conjurer (Deep Elf Conjurer)   Turns: 3057, Time: 00:08:01

Health: -3/24      AC:  4    Str:  5    XL:     4   Next: 78%
Magic:  2/12       EV: 13    Int: 21    God:
Gold:   85         SH:  0    Dex: 15    Spells: 1/11 levels left

rFire    . . .     SeeInvis .   b - +0 short sword
rCold    . . .     Gourm    .   (no shield)
rNeg     . . .     Faith    .   a - +0 robe
rPois    .         Spirit   .   (no helmet)
rElec    .         Reflect  .   e - +0 cloak
rCorr    .         Harm     .   i - +0 pair of gloves
MR       .....                  (no boots)
Stlth    ++........             (no amulet)
HPRegen  0.08/turn              (no ring)
MPRegen  0.13/turn              (no ring)

@: very slightly contaminated
A: no striking features
a: no special abilities


You were on level 3 of the Dungeon.
You were not hungry.

You visited 1 branch of the dungeon, and saw 3 of its levels.

You collected 85 gold pieces.

Inventory:

Hand Weapons
 b - a +0 short sword (weapon)
Armour
 a - a +0 robe (worn)
 e - a +0 cloak (worn)
 i - a +0 pair of gloves (worn)
Wands
 n - a wand of flame (11)
Scrolls
 d - 2 scrolls of enchant armour {unknown}
 f - a scroll of identify {unknown}
 k - a scroll of blinking {unknown}
 l - 2 scrolls of fog {unknown}
 m - a scroll of amnesia {unknown}
 o - a scroll of remove curse {unknown}
 p - a scroll of noise {unknown}
Potions
 g - a potion of might {unknown}
 h - 2 potions of haste {unknown}
 j - a potion of cancellation {unknown}
Comestibles
 c - 3 rations


   Skills:
 + Level 2.6 Dodging
 + Level 2.8 Stealth
 + Level 4.3 Spellcasting
 + Level 6.0 Conjurations


You had one spell level left.
You knew the following spells:

 Your Spells              Type           Power        Failure   Level  Hunger
a - Magic Dart            Conj           ####         1%          1    None
b - Searing Ray           Conj           ####..       1%          2    #......
c - Dazzling Flash        Conj/Hex       ###...       10%         3    ##.....
d - Fulminant Prism       Conj/Hex       ###.......   32%         4    ####...

Your spell library contained the following spells:

 Spells                   Type           Power        Failure   Level  Hunger
 Iskenderun's Mystic Bla  Conj/Tloc      ###.....     32%         4    ####...
 Confusing Touch          Hex            #.......     34%         3    ##.....
 Gell's Gravitas          Tloc           #.........   34%         3    ##.....
 Petrify                  Tmut/Erth      #.......     75%         4    ####...
 Metabolic Englaciation   Hex/Ice        #.........   97%         5    ######.
 Yara's Violent Unravell  Hex/Tmut       #.........   97%         5    ######.


Dungeon Overview and Level Annotations

Branches:
Dungeon (3/15)

Altars:
Hepliaklqana
Okawaru


Message History

Casting: Magic Dart (safe; 1% risk of failure)
Confirm with . or Enter, or press ? or * to list all spells.
Aiming: Magic Dart (safe; 1% risk of failure)
Press: ? - help, Shift-Dir - straight line, f/p - orc priest
Aim: an orc priest, wearing a +0 scale mail (lightly wounded)
The magic dart hits the orc priest but does no damage.
The orc priest is lightly wounded.
The orc priest invokes the aid of Beogh against you.
You barely resist.
Casting: Magic Dart (safe; 1% risk of failure)
Confirm with . or Enter, or press ? or * to list all spells.
Aiming: Magic Dart (safe; 1% risk of failure)
Press: ? - help, Shift-Dir - straight line, f/p - orc priest
Aim: an orc priest, wearing a +0 scale mail (lightly wounded)
The magic dart hits the orc priest but does no damage.
The orc priest is lightly wounded.
The orc priest calls down the wrath of Beogh upon you.
Beogh smites you!
Ouch! That really hurt!
You die...

..# ##.....## ... # ..###
###....##.##.## ....#####
##..)........ ###....(#
#...#....... #####.###
####........
#...########S......# #
###..<....K.o......#
###################.....##
................@..o......
##################.......#
......# ......# .....## .#
#


You could see an orc priest.

Vanquished Creatures
  2 adders
  2 oozes
  4 worms
  4 dart slugs (D:1)
  3 leopard geckos
  7 orcs
  5 bats
  A giant cockroach (D:1)
  6 goblins
  10 hobgoblins
  7 jackals
  4 kobolds
  6 frilled lizards
  2 rats
63 creatures vanquished.

Notes
Turn   | Place    | Note
-------+----------+-------------------------------------------
     0 | D:1      | Gazorpazorpfield the Deep Elf Conjurer began the quest for
                  | the Orb.
     0 | D:1      | Reached XP level 1. HP: 10/10 MP: 6/6
   210 | D:1      | Reached XP level 2. HP: 15/15 MP: 6/8
   214 | D:1      | Learned a level 2 spell: Searing Ray
   309 | D:1      | Reached skill level 5 in Conjurations
   905 | D:1      | Reached XP level 3. HP: 19/19 MP: 6/9
   925 | D:1      | Learned a level 3 spell: Dazzling Flash
  1365 | D:2      | Found a hazy altar of Hepliaklqana.
  1406 | D:2      | Found an iron altar of Okawaru.
  1735 | D:2      | Reached XP level 4. HP: 24/24 MP: 5/11
  1797 | D:2      | Found a faded altar of an unknown god.
  2378 | D:3      | Noticed a water moccasin
  2748 | D:3      | Reached skill level 6 in Conjurations
  3045 | D:3      | Learned a level 4 spell: Fulminant Prism
  3057 | D:3      | Killed from afar by an orc priest

Illustrated notes

Levels and vault maps discovered:
D:1:      sevenhm_arrival_forest_fort_large_2, layout_basic
D:2:      minmay_alternating_diamond, layout_loops_cross,
          overflow_temple_1_default, okawaru_gym_becter,
          chequers_ecumenical_altar_simple_redux
D:3:      layout_rooms, nicolae_ru_path_of_blood, first_ration

Skill      XL: |  1  2  3  4 |
---------------+-------------+-----
Conjurations   | 5 6 |  6.0
Spellcasting   | 4 |  4.3
Dodging        | |  2.6
Stealth        | |  2.8

Action                   |  1- 3 |  4- 6 || total
-------------------------+-------+-------++-------
Melee: Short sword       |       |    10 ||    10
 Cast: Magic Dart        |    85 |    84 ||   169
  Eat: Chunk             |     2 |     4 ||     6
Armor: Robe              |     1 |     4 ||     5
Dodge: Dodged            |     8 |    13 ||    21

Table legend:
 A = Non-vault XP
 B = Vault XP
 C = Vault XP percentage of total XP
 D = Non-vault monster count
 E = Vault monster count
 F = Vault count percentage of total count
                 A         B        C        D         E       F
            +---------+---------+-------+---------+---------+-------
      Total |     164 |      11 |   6.3 |      59 |       4 |   6.3
            +---------+---------+-------+---------+---------+-------
        D:1 |      55 |       0 |   0.0 |      25 |       0 |   0.0
        D:2 |      40 |      11 |  21.6 |      13 |       4 |  23.5
        D:3 |      69 |       0 |   0.0 |      21 |       0 |   0.0
            +---------+---------+-------+---------+---------+-------
